 Dungeon Crawl Stone Soup version 0.22.0-6-g71bd7aa (webtiles) character file.

258 mopl the Poker (level 6, -1/47 HPs)
             Began as a Merfolk Gladiator on Aug 14, 2018.
             Was a Follower of Qazlal.
             Killed from afar by an orc wizard (7 damage)
             ... with a puff of flame
             ... on level 4 of the Dungeon.
             The game lasted 00:04:14 (2611 turns).

mopl the Poker (Merfolk Gladiator)                  Turns: 2611, Time: 00:04:15

Health: -1/47      AC:  7    Str: 20    XL:     6   Next: 16%
Magic:  7/7        EV: 19    Int:  8    God:    Qazlal [*.....]
Gold:   274        SH:  2    Dex: 20    Spells: 5/5 levels left

rFire    . . .     SeeInvis .   a - +0 scythe
rCold    . . .     Gourm    .   (shield currently unavailable)
rNeg     . . .     Faith    .   l - +0 ring mail
rPois    .         Spirit   .   c - +0 helmet
rElec    .         Reflect  .   (no cloak)
rCorr    .         Harm     .   (no gloves)
MR       .....                  x - +0 pair of boots
Stlth    ++........             (no amulet)
HPRegen  0.15/turn              j - +4 ring of strength
MPRegen  0.10/turn              (no ring)

@: agile, hasted, very quick
A: change form in water, swift swim, stealthy swim
a: Renounce Religion


You were on level 4 of the Dungeon.
You worshipped Qazlal.
Qazlal was aware of your devotion.
You were hungry.

You visited 1 branch of the dungeon, and saw 4 of its levels.

You collected 274 gold pieces.

Inventory:

Hand Weapons
 a - a +0 scythe (weapon)
 y - a +0 trident
Missiles
 d - 3 throwing nets (quivered)
 h - 38 poisoned needles
Armour
 c - a +0 helmet (worn)
 l - a +0 ring mail (worn)
 x - a +0 pair of boots (worn)
Jewellery
 j - a +4 ring of strength (left hand)
 n - an uncursed ring of fire
Scrolls
 b - a scroll of amnesia {unknown}
 g - a scroll of immolation {unknown}
 m - 2 scrolls of identify {unknown}
 o - a scroll of noise {unknown}
 q - a scroll of teleportation {unknown}
 r - a scroll of enchant armour {unknown}
 u - a scroll of remove curse {unknown}
Potions
 e - a potion of invisibility {unknown}
 i - a potion of magic {unknown}
 k - a potion of haste
 p - a potion of curing
 s - 4 potions of agility
 t - a potion of cancellation {unknown}
 w - a potion of brilliance {unknown}
 z - 2 potions of heal wounds {unknown}
Comestibles
 f - 6 rations


   Skills:
 + Level 3.5 Fighting
 * Level 6.7 Polearms
 - Level 2.0 Throwing
 + Level 1.6 Armour
 + Level 5.1 Dodging
 * Level 1.7 Invocations


You had 5 spell levels left.
You didn't know any spells.
Your spell library was empty.

Dungeon Overview and Level Annotations

Branches:
Dungeon (4/15)
 Temple: D:4-7

Altars:
Fedhas
Qazlal
Sif Muna
The Shining One


Message History

It was a potion of agility.
You feel agile all of a sudden.
* * * LOW HITPOINT WARNING * * *
You feel very sick. Something completely misses you.
It was a potion of haste.
You feel yourself speed up.
* * * LOW HITPOINT WARNING * * *
You feel very sick.
You hear some strange, mumbled words.
A puff of flame appears from out of thin air!
The puff of flame hits you!
* * * LOW HITPOINT WARNING * * *
It was a potion of curing.
You feel better.
Your +0 pair of boots unmelds from your body.
A magic dart appears from out of thin air!
The magic dart hits you!
* * * LOW HITPOINT WARNING * * *
A puff of flame appears from out of thin air!
The puff of flame hits you!
You die...

#.# #.#
#.........#.#######
#.# #<#
#####.###.#.(......
#.# #.# #.#
#....###### #.#
#.## #.#
#.>...##... #.#
#..########
#........## ##.#
#####§{.#
###..##### ...#
#§§≈# #..######
#### #...#
#........ #.@.#
#.####### ##
###'### #.# .#
#.8.8.# #.# .# ####
#.._..# #.# ## .#
##..# ##...##
#.#### #. .# #...##
##.## ####.##.###.
.###....# #.#
#........##.
###...#.## #.#
#.##.##.....
.<....#..##
#.#####.#...#####.


There were no monsters in sight!

Vanquished Creatures
  An orc priest (D:4)
  3 orc wizards
  A worker ant (D:4)
  2 adders (D:3)
  4 worms
  4 leopard geckos
  8 orcs
  2 ball pythons (D:3)
  8 bats
  2 giant cockroaches
  7 goblins
  8 hobgoblins
  8 jackals
  4 quokkas
  2 frilled lizards
  8 kobolds
  9 rats
81 creatures vanquished.

Notes
Turn   | Place    | Note
-------+----------+-------------------------------------------
     0 | D:1      | mopl the Merfolk Gladiator began the quest for the Orb.
     0 | D:1      | Reached XP level 1. HP: 16/16 MP: 1/1
    51 | D:1      | Reached XP level 2. HP: 23/23 MP: 2/2
   319 | D:1      | Reached skill level 5 in Polearms
   498 | D:2      | Reached XP level 3. HP: 28/28 MP: 3/3
  1014 | D:3      | Reached skill level 1 in Armour
  1014 | D:3      | Reached XP level 4. HP: 27/34 MP: 4/4
  1016 | D:3      | Reached skill level 3 in Fighting
  1242 | D:3      | Reached skill level 6 in Polearms
  1339 | D:3      | Reached XP level 5. HP: 30/41 MP: 5/5
  1490 | D:3      | Found a faded altar of an unknown god.
  1498 | D:3      | Became a worshipper of Qazlal Stormbringer
  1498 | D:3      | Reached * piety under Qazlal
  1923 | D:4      | Found a glowing golden altar of the Shining One.
  2269 | D:4      | Reached skill level 1 in Invocations
  2298 | D:4      | Found a blossoming altar of Fedhas.
  2367 | D:4      | Reached skill level 5 in Dodging
  2368 | D:4      | Reached XP level 6. HP: 32/47 MP: 5/7
  2507 | D:4      | Found a deep blue altar of Sif Muna.
  2608 | D:4      | HP: 2/47 [something/puff of flame (8)]
  2611 | D:4      | Killed from afar by an orc wizard

Skill      XL: |  1  2  3  4  5 |
---------------+----------------+-----
Polearms       | 5 6 |  6.7
Armour         | 1 |  1.6
Fighting       | 3 |  3.5
Invocations    | 1 |  1.7
Dodging        | 5 |  5.1
Throwing       | |  2.0

Action                   |  1- 3 |  4- 6 || total
-------------------------+-------+-------++-------
Melee: Trident           |   106 |   137 ||   243
       Scythe            |       |    16 ||    16
       Tailslap          |       |     1 ||     1
  Use: Potion            |       |     3 ||     3
 Stab: Sleeping          |     1 |       ||     1
  Eat: Chunk             |       |     5 ||     5
Armor: Leather armour    |    17 |       ||    17
       Ring mail         |     3 |    40 ||    43
Dodge: Dodged            |    50 |    70 ||   120
Block: Other             |       |     3 ||     3
